 Dungeon Crawl Stone Soup version 0.28-a0-941-g140ffa10cf (webtiles) character file.

Game seed: 16017071210440512183

373975 Ajdolov the Warrior (level 22, -3/228 HPs)
             Began as a Gargoyle Gladiator on Nov 29, 2021.
             Was a High Priest of Okawaru.
             Slain by a frost giant (23 damage)
             ... on level 5 of the Vaults.
             The game lasted 02:43:57 (57129 turns).

Ajdolov the Warrior (Gargoyle Gladiator)           Turns: 57129, Time: 02:43:57

Health: -3/228     AC: 31    Str: 27    XL:     22   Next: 35%
Magic:  43/43      EV:  2    Int: 10    God:    Okawaru [*****.]
Gold:   3043       SH:  0    Dex: 19    Spells: 21/21 levels left

rFire   . . .      SeeInvis .   a - +10 lajatang of Poetam {vorpal, rElec rCorr Dex+6 Stlth-}
rCold   . . .      Faith    .   (shield currently unavailable)
rNeg    + . .      Spirit   .   (armour currently unavailable)
rPois   ∞          Reflect  .   (helmet currently unavailable)
rElec   +          Harm     .   (cloak currently unavailable)
rCorr   +          Rampage  .   (gloves currently unavailable)
Will    +....      NoTele   +   (boots currently unavailable)
Stlth   ..........              o - amulet of the acrobat
HPRegen 0.48/turn               v - +4 ring of slaying
MPRegen 0.28/turn               h - ring of Mimit {MP+9 EV+4 Dex+2 Stlth-}

@: tree-form, marked
A: stationary, stasis, torment immunity, boosted hp, sickness immunity, AC +16,
(big wings), negative energy resistance 1, (electricity resistance), torment
resistance 1, petrification resistance
}: 3/15 runes: barnacled, silver, gossamer
a: Renounce Religion, Heroism, Finesse, Duel


You were on level 5 of the Vaults.
You worshipped Okawaru.
Okawaru was extremely pleased with you.
You were a tree.
You visited 8 branches of the dungeon, and saw 38 of its levels.
You also visited: Gauntlet.

You collected 5483 gold pieces.
You spent 2440 gold pieces at shops.

Inventory:

Hand Weapons
 a - the +10 lajatang of Poetam (weapon) {vorpal, rElec rCorr Dex+6 Stlth-}
   (Okawaru gifted it to you on level 2 of the Lair of Beasts)

   It inflicts extra damage upon your enemies.
   Dex:       It affects your dexterity (+6).
   rElec:     It insulates you from electricity.
   rCorr:     It protects you from acid and corrosion.
   Stlth:     It makes you less stealthy.
 b - the +10 arbalest "Zonaz" {freeze, rElec Str+4}
   (Okawaru gifted it to you on level 1 of the Depths)

   Any ammunition fired from it freezes those it strikes, dealing additional
   cold damage.
   It can also slow down cold-blooded creatures.
   Str:       It affects your strength (+4).
   rElec:     It insulates you from electricity.
Missiles
 d - 6 throwing nets (quivered)
 Y - 1492 bolts
Armour
 c - the +3 helmet of the Hippo (melded) {rC+}
   (Okawaru gifted it to you on level 4 of the Vaults)

   rC:        It protects you from cold.
 f - the +0 plate armour "Sopni" {Str+4}
   (You found it on level 5 of the Vaults)

   Str:       It affects your strength (+4).
 D - +9 gold dragon scales (melded)
 N - a +2 pair of gloves of strength (melded)
 S - a +2 pair of boots of rampaging (melded)
 W - a scarf of resistance (melded)
Jewellery
 h - the ring of Mimit (right branch) {MP+9 EV+4 Dex+2 Stlth-}
   (You found it on level 6 of the Dungeon)

   [ring of evasion]

   EV:        It affects your evasion (+4).
   Dex:       It affects your dexterity (+2).
   MP:        It affects your magic capacity (+9).
   Stlth:     It makes you less stealthy.
 i - a ring of wizardry
 j - a ring of wizardry
 o - an amulet of the acrobat (around neck)
 v - a +4 ring of slaying (left branch)
 z - an amulet of guardian spirit
 F - an amulet of faith
 Q - a ring of ice
 V - the ring of Moodiness {rN+ Will- Dex+4 Stlth+}
   (You found it on level 1 of the Spider Nest)

   [ring of positive energy]

   Dex:       It affects your dexterity (+4).
   rN:        It protects you from negative energy.
   Will:      It decreases your willpower.
   Stlth:     It makes you more stealthy.
Wands
 t - a wand of polymorph (46)
 w - a wand of mindburst (11)
 x - a wand of iceblast (27)
 E - a wand of digging (8)
 H - a wand of paralysis (10)
 T - a wand of flame (50)
 U - a wand of acid (1)
Scrolls
 k - 2 scrolls of enchant weapon
 l - 3 scrolls of identify
 m - a scroll of silence
 n - 3 scrolls of immolation
 s - 2 scrolls of torment
 y - 7 scrolls of magic mapping
 A - 3 scrolls of teleportation
 G - 2 scrolls of fear
 I - 3 scrolls of holy word
 O - a scroll of brand weapon
 X - 4 scrolls of fog
Potions
 e - 5 potions of curing
 g - 2 potions of invisibility
 q - 17 potions of brilliance
 r - 6 potions of might
 u - 4 potions of magic
 B - 4 potions of lignification
 C - 5 potions of berserk rage
 J - 8 potions of haste
 K - 2 potions of resistance
 L - 2 potions of cancellation
Miscellaneous
 p - a phial of floods
 M - a condenser vane
 R - a lightning rod (4/4)
 Z - a piece from Xom's chessboard (15/15)


   Skills:
 + Level 20.1 Fighting
 + Level 16.0 Staves
 - Level 18.0 Crossbows
 - Level 1.7 Throwing
 + Level 14.4 Armour
 - Level 11.0 Dodging
 - Level 16.0 Invocations
 * Level 13.5 Evocations


You had 21 spell levels left.
You didn't know any spells.
Your spell library contained the following spells:

 Spells                   Type           Power      Damage    Failure   Level
 Apportation              Tloc           0%         N/A       36%         1
 Pain                     Necr           0%         1d4       36%         1
 Shock                    Conj/Air       0%         1d3       36%         1
 Scorch                   Fire           0%         2d5       50%         2
 Wereblood                Tmut           0%         N/A       50%         2
 Conjure Flame            Conj/Fire      0%         6-21      75%         3
 Gell's Gravitas          Tloc           0%         N/A       75%         3
 Ignite Poison            Fire/Tmut/Pois 0%         N/A       75%         3
 Inner Flame              Hex/Fire       0%         N/A       75%         3
 Mephitic Cloud           Conj/Pois/Air  0%         N/A       75%         3
 Ozocubu's Armour         Ice            0%         N/A       75%         3
 Portal Projectile        Hex/Tloc       0%         N/A       75%         3
 Stone Arrow              Conj/Erth      0%         3d7       75%         3
 Swiftness                Air            0%         N/A       75%         3
 Teleport Other           Tloc           0%         N/A       75%         3
 Vampiric Draining        Necr           0%         2d6       75%         3
 Airstrike                Air            0%         N/A       98%         4
 Cause Fear               Hex            0%         N/A       98%         4
 Flame Wave               Conj/Fire      0%         2d4       98%         4
 Hailstorm                Conj/Ice       0%         3d3       98%         4
 Ice Form                 Ice/Tmut       0%         N/A       98%         4
 Passage of Golubria      Tloc           0%         N/A       98%         4
 Sticky Flame             Conj/Fire      0%         2d3       98%         4
 Agony                    Necr           0%         N/A       100%        5
 Blade Hands              Tmut           0%         N/A       100%        5
 Excruciating Wounds      Necr           0%         N/A       100%        5
 Freezing Cloud           Conj/Ice/Air   0%         6-21      100%        5
 Lee's Rapid Deconstruct  Erth           0%         3d5*      100%        5
 Metabolic Englaciation   Hex/Ice        0%         N/A       100%        5
 Yara's Violent Unravell  Hex/Tmut       0%         3d3       100%        5
 Dispersal                Tloc           0%         N/A       100%        6
 Discord                  Hex            0%         N/A       100%        8
 Animate Skeleton         Necr           Unusable   N/A       N/A         1
 Summon Small Mammal      Summ           Unusable   N/A       N/A         1
 Sublimation of Blood     Necr           Unusable   N/A       N/A         2
 Tukima's Dance           Hex            Unusable   N/A       N/A         3
 Simulacrum               Ice/Necr       Unusable   N/A       N/A         6
 Statue Form              Tmut/Erth      Unusable   N/A       N/A         6
 Summon Cactus Giant      Summ           Unusable   N/A       N/A         6
 Summon Hydra             Summ           Unusable   N/A       N/A         7
 Dragon's Call            Summ           Unusable   N/A       N/A         9

Dungeon Overview and Level Annotations

Branches:
Dungeon (15/15)            Temple (1/1) D:5            Lair (6/6) D:8
 Shoals (4/4) Lair:4       Spider (4/4) Lair:3        Slime (0/5) Lair:5
    Orc (2/2) D:10            Elf (0/3) Orc:2        Vaults (5/5) D:13
  Crypt (0/3) Vaults:3     Depths (1/4) D:15        Gauntlet (visited)

Altars:
Ashenzari
Cheibriados
Elyvilon
Gozag
Hepliaklqana
Kikubaaqudgha
Makhleb
Nemelex Xobeh
Okawaru
Qazlal
Ru
Sif Muna
Trog
Yredelemnul
Zin
The Shining One
Jiyva

Shops:
D:6 !   D:7 (   Orc:2 :!?*?   Shoals:1 (   Vaults:3 *

Portals:
Hell: Depths:1
Abyss: Depths:1
Trove: D:12 (give 5 scrolls of fog)

Annotations:
Lair:1 3 runed translucent doors, kMk's ghost, journeyman GnCj


Innate Abilities, Weirdness & Mutations

You are a tree.
Your roots penetrate the ground, keeping you stationary.
You cannot be teleported.
You are immune to unholy pain and torment.
Your maximum health is greatly increased.
Your equipment is partially melded.
You are immune to sickness and miasma.
((Your stone body is resilient. (AC +16)))
You are immune to poison.
((Your large and strong wings let you fly.))
You resist negative energy. (rN+)
((You are resistant to electric shocks. (rElec)))
You are resistant to unholy torment.
You are immune to petrification.


Message History

The stone giant hits you!!!
* * * LOW HITPOINT WARNING * * *
You slash the stone giant!
The stone giant is severely wounded.
The stone giant hits you but does no damage.
You slash the stone giant!
The stone giant is severely wounded.
You slash the stone giant!
The stone giant is almost dead.
The stone giant barely misses you.
Press: ? - help, Dir - move target, f - ironbound convoker
Aim: an ironbound convoker, wielding a +0 mace and wearing a +0 ring mail The ironbound convoker is not worthy to be dueled!
Okay, then.
Okay, then.
Really quaff the potion of lignification?
You turn into a tree.
Your scarf of resistance melds into your body.
The +3 helmet of the Hippo {rC+} melds into your body.
Your +2 pair of gloves of strength melds into your body.
Your +2 pair of boots of rampaging melds into your body.
Your +9 gold dragon scales melds into your body.
You feel hot and cold all over.
You feel weaker.
You no longer feel able to rampage towards enemies.
Your roots penetrate the ground.
The stone giant hits you.
* * * LOW HITPOINT WARNING * * *
Unknown command.
You slice the stone giant!!
You kill the stone giant!
Okawaru accepts your kill.
You hit the frost giant.
The frost giant is lightly wounded.
The frost giant hits you with a +2 battleaxe of freezing!!
* * * LOW HITPOINT WARNING * * *
The frost giant freezes you!
* * * LOW HITPOINT WARNING * * *
You feel better.
The frost giant hits you with a +2 battleaxe of freezing!!
You die...

..C.Cp........
#pp......#####
p.......... #.#....#.###
..#....#.#
#.#....#.##....
#..#..... #.. ....###
### #..# ...#♣### ###(#
.. # #...##..##Cc###.)##
.# .#
#....#..#C[#p..#).#..#
#.#
#.......#.#..#..#.#..
..# #........{#.#.#.#...
#.
#.......#.#.[#[.#.#... .
#....#..#..#.).#..#..#..
#..p##..##..###..## .# .
#..# ...#.### ###.# ..


You could see a frost giant (strong), an ironbound convoker and a yaktaur
(strong).

Vanquished Creatures
  A dread lich (Arena)
  Boris (Arena)
  2 golden dragons
  Arachne (Spider:3)
  Rupert (Orc:1)
  3 tentacled monstrosities (Arena)
  Asterion (Arena)
  A lich (Vaults:5)
  3 titans
  A quicksilver dragon (Vaults:4)
  Polyphemus (Shoals:4)
  3 sphinxes
  Gastronok (Lair:3)
  4 tengu reavers
  5 shadow dragons
  2 storm dragons (Vaults:5)
  3 fire giants
  2 deep elf sorcerers (Vaults:5)
  4 frost giants
  11 vault wardens
  An orc warlord (Arena)
  6 ghost moths
  Louise (Depths:1)
  A balrug (Depths:1)
  Aizul (Vaults:4)
  10 emperor scorpions
  8 stone giants
  17 ironbound preservers
  6 very ugly things
  2 war gargoyles
  3 spark wasps
  A deep elf demonologist (Vaults:5)
  Azrael (D:12)
  Nessos (Arena)
  12 dire elephants
  The ghost of rigao the Nimble, a journeyman OpVM of Gozag (Lair:3)
  2 deep elf annihilators
  A minotaur (Gauntlet)
  An entropy weaver (Vaults:1)
  11 merfolk impalers
  4 merfolk javelineers
  4 ettins (Vaults:4)
  3 great orbs of eyes
  Josephine (D:13)
  2 fire dragons
  19 yaktaur captains
  9 ironbound thunderhulks
  A deep elf high priest (Vaults:5)
  A rakshasa (Depths:1)
  11 hydras
  A peacekeeper (Vaults:1)
  36 vault guards
  6 boulder beetles
  2 ogre magi
  5 catoblepae
  An alligator snapping turtle (Shoals:2)
  12 centaur warriors
  10 ironbound frosthearts
  4 merfolk avatars
  19 death yaks
  7 satyrs
  5 two-headed ogres
  5 tengu warriors
  4 merfolk aquamancers
  3 orc high priests (Orc:2)
  A thrashing horror (Gauntlet)
  Urug (Lair:2)
  A shadow wraith (Vaults:5)
  2 sun demons (Depths:1)
  2 deep elf archers (Vaults:5)
  9 sea snakes
  8 wizards
  Pikel (D:5)
  The ghost of ThreePoint314 the Cleaver, a novice HOFi of Elyvilon (D:5)
  46 deep trolls
  22 harpies
  11 lindwurms
  8 ironbound convokers
  A phantasmal warrior (Vaults:5)
  6 orc knights
  2 necromancers (Vaults:4)
  3 deep elf pyromancers
  25 wolf spiders
  36 ugly things
  A deep elf zephyrmancer (Vaults:5)
  A mana viper (shapeshifter) (Vaults:4)
  20 orb spiders
  15 slime creatures
  A human zombie (Vaults:4)
  16 cyclopes
  5 orc sorcerers
  A moth of wrath (Lair:3)
  A stone giant zombie (Vaults:4)
  10 elephants
  18 manticores
  5 black mambas
  25 fauns
  6 merfolk sirens
  7 water nymphs
  2 gargoyles (Gauntlet)
  An ice statue (Gauntlet)
  A torpor snail (Lair:5)
  2 molten gargoyles (Lair:6)
  19 vault sentinels
  12 cane toads
  A komodo dragon (shapeshifter) (D:14)
  2 unseen horrors
  5 efreet
  9 komodo dragons
  48 yaktaurs
  4 kobold demonologists
  A rime drake (Gauntlet)
  8 demonic crawlers
  3 human skeletons (Vaults:4)
  2 tengu conjurers
  8 trolls
  35 merfolk
  9 wind drakes
  18 jumping spiders
  Grinder (D:3)
  A polar bear (shapeshifter) (D:15)
  6 hornets
  A tengu simulacrum (Vaults:4)
  12 dream sheep
  8 blink frogs
  8 snapping turtles
  28 tarantellas
  60 redbacks
  5 wraiths
  8 wyverns
  Sigmund (D:3)
  2 fire elementals (D:12)
  A vampire (D:13)
  18 water elementals
  29 yaks
  4 basilisks
  2 steam dragons (Lair:6)
  Menkaure (D:5)
  4 wargs
  An acid dragon (D:13)
  2 small abominations (Gauntlet)
  8 hell hounds
  9 water moccasins
  An ice beast (D:5)
  A sky beast (D:5)
  A black bear (D:4)
  23 orc warriors
  7 wolves
  3 hornet zombies (D:8)
  2 necrophages
  6 ogres
  8 centaurs
  2 phantoms
  4 kobold brigands
  A lemure (D:5)
  9 bullfrogs
  2 scorpions
  A water moccasin zombie (D:5)
  4 killer bees (D:9)
  A wight (D:8)
  An electric eel (D:8)
  10 howler monkeys
  3 bullfrog zombies
  6 centaur zombies
  2 jellies
  5 lava snakes (Lair:6)
  A centaur skeleton (D:6)
  13 orc priests
  2 bullfrog skeletons (D:7)
  4 hounds
  A gnoll shaman (D:5)
  A scorpion zombie (D:5)
  Ijyb (D:5)
  13 orc wizards
  3 iguanas
  A killer bee zombie (D:6)
  A hound zombie (D:5)
  A hound skeleton (D:4)
  Robin (D:3)
  7 gnolls
  14 adders
  A howler monkey skeleton (D:5)
  2 adder skeletons (D:4)
  A worm (D:2)
  A dart slug (D:3)
  43 orcs
  6 ball pythons
  2 bats (D:1)
  7 endoplasms
  4 giant cockroaches
  12 goblins
  5 hobgoblins
  4 jackals (D:3)
  12 kobolds
  3 quokkas
  7 frilled lizards
  8 rats
  A bush (Lair:5)
  3 plants (Lair:5)
1330 creatures vanquished.

Vanquished Creatures (others)
  A deep elf high priest (Vaults:5)
  A wizard (Vaults:4)
  A yaktaur (Vaults:5)
  2 jumping spiders (Spider:2)
  3 demonic plants (Gauntlet)
  16 fungi
  267 plants
291 creatures vanquished.

Grand Total: 1621 creatures vanquished

Notes
Turn   | Place    | Note
-------+----------+-------------------------------------------
     0 | D:1      | Ajdolov the Gargoyle Gladiator began the quest for the Orb.
     0 | D:1      | Reached XP level 1. HP: 12/12 MP: 1/1
   459 | D:1      | Reached XP level 2. HP: 17/18 MP: 2/2
   983 | D:1      | Reached skill level 1 in Armour
  1023 | D:1      | Found a faded altar of an unknown god.
  1220 | D:2      | Reached XP level 3. HP: 22/22 MP: 3/3
  1387 | D:2      | Found a bloodstained altar of Trog.
  1621 | D:2      | Reached skill level 3 in Fighting
  1958 | D:2      | Reached XP level 4. HP: 28/28 MP: 4/4
  2129 | D:3      | Noticed Robin
  2152 | D:3      | Killed Robin
  2239 | D:3      | Reached XP level 5. HP: 29/32 MP: 5/5
  2295 | D:3      | Noticed Grinder
  2295 | D:3      | Paralysed by Grinder for 4 turns
  2300 | D:3      | Paralysed by Grinder for 2 turns
  2310 | D:3      | Killed Grinder
  2311 | D:3      | Reached skill level 4 in Fighting
  2311 | D:3      | Reached skill level 5 in Staves
  2311 | D:3      | Reached XP level 6. HP: 21/38 MP: 6/6
  2313 | D:3      | Noticed Sigmund
  2333 | D:3      | Killed Sigmund
  2334 | D:3      | Reached XP level 7. HP: 15/44 MP: 7/7
  3721 | D:4      | Reached skill level 5 in Fighting
  3793 | D:5      | Entered Level 5 of the Dungeon
  3826 | D:5      | Reached XP level 8. HP: 49/49 MP: 8/8
  3879 | D:5      | Found a staircase to the Ecumenical Temple.
  3896 | Temple   | Entered the Ecumenical Temple
  3911 | Temple   | Became a worshipper of Warmaster Okawaru
  3977 | D:5      | Noticed Ijyb
  3992 | D:5      | Killed Ijyb
  4041 | D:5      | Noticed Menkaure
  4057 | D:5      | Killed Menkaure
  4058 | D:5      | Reached skill level 5 in Armour
  4099 | D:5      | Reached * piety under Okawaru
  4181 | D:5      | Reached skill level 6 in Fighting
  4376 | D:5      | Found a runed translucent gate.
  4380 | D:5      | Found a runed translucent gate.
  4380 | D:5      | Found a runed translucent gate.
  4381 | D:5      | Noticed ThreePoint314's ghost (novice HOFi)
  4433 | D:5      | Noticed Pikel
  4464 | D:5      | Killed Pikel
  4465 | D:5      | Reached skill level 7 in Fighting
  4465 | D:5      | Reached XP level 9. HP: 42/57 MP: 9/9
  4480 | D:5      | Reached ** piety under Okawaru
  5215 | D:6      | Found Ditz's Distillery.
  5223 | D:6      | Bought a potion of curing for 36 gold pieces
  5223 | D:6      | Bought a potion of heal wounds for 60 gold pieces
  5820 | D:6      | Identified the ring of Mimit {MP+9 EV+4 Dex+2 Stlth-}
  6075 | D:6      | Reached skill level 10 in Staves
  6238 | D:7      | Noticed a troll
  6326 | D:7      | Killed a troll
  6418 | D:7      | Reached skill level 8 in Fighting
  6459 | D:7      | Found Bite's Firing Range.
  6660 | D:7      | Noticed a two-headed ogre
  6669 | D:7      | Killed a two-headed ogre
  6669 | D:7      | Reached *** piety under Okawaru
  6670 | D:7      | Reached XP level 10. HP: 65/65 MP: 10/10
  6842 | D:8      | Reached skill level 9 in Fighting
  7026 | D:8      | Reached **** piety under Okawaru
  7252 | D:8      | Found a burning altar of Makhleb.
  7828 | D:8      | Found a staircase to the Lair.
  7884 | D:8      | Found a white marble altar of Elyvilon.
  7885 | D:8      | Found a sparkling altar of Nemelex Xobeh.
  7885 | D:8      | Found a glowing silver altar of Zin.
  8211 | D:9      | Identified the +0 robe of Panentheism {Dex+3}
  8677 | D:9      | Reached ***** piety under Okawaru
  8682 | D:9      | Reached XP level 11. HP: 55/72 MP: 11/11
  8811 | D:9      | Reached skill level 10 in Fighting
  8992 | D:9      | You fall into a shaft and drop 3 floors!
  9010 | D:12     | Found a portal to a secret trove of treasure.
  9069 | D:12     | Noticed a cyclops
  9135 | D:12     | Killed a cyclops
  9135 | D:12     | Received a gift from Okawaru
  9136 | D:12     | Reached skill level 1 in Invocations
  9351 | D:12     | Noticed a wolf spider
  9367 | D:12     | Killed a wolf spider
  9556 | D:12     | Noticed a cyclops
  9734 | D:12     | Killed a cyclops
  9887 | D:11     | Noticed a manticore
  9890 | D:10     | Entered Level 10 of the Dungeon
 10081 | D:10     | Found a staircase to the Orcish Mines.
 10201 | D:10     | Noticed a manticore
 10211 | D:10     | Killed a manticore
 10257 | D:10     | Noticed a cyclops
 10264 | D:10     | Killed a cyclops
 11569 | Orc:1    | Entered Level 1 of the Orcish Mines
 11644 | D:11     | Noticed a brown ugly thing
 11654 | D:11     | Killed a brown ugly thing
 11738 | D:11     | Noticed a green ugly thing
 11752 | D:11     | Killed a green ugly thing
 11883 | D:11     | Noticed a two-headed ogre
 11896 | D:11     | Killed a two-headed ogre
 12335 | Lair:1   | Entered Level 1 of the Lair of Beasts
 12499 | Lair:1   | Reached XP level 12. HP: 77/77 MP: 15/15
 12539 | Lair:1   | Noticed a seven-headed hydra
 12768 | Lair:1   | Killed a seven-headed hydra
 12819 | Lair:1   | Reached skill level 5 in Dodging
 13036 | Lair:1   | Found a runed translucent gate.
 13036 | Lair:1   | Found a runed translucent gate.
 13036 | Lair:1   | Found a runed translucent gate.
 13038 | Lair:1   | Noticed a minotaur
 13039 | Lair:1   | Noticed kMk's ghost (journeyman GnCj)
 13102 | Lair:1   | You fall into a shaft and drop 1 floor!
 13124 | Lair:2   | Noticed Urug
 13153 | Lair:2   | Killed Urug
 13596 | Lair:1   | Reached skill level 5 in Invocations
 14281 | Lair:2   | Noticed an eight-headed hydra
 14298 | Lair:2   | Killed an eight-headed hydra
 14298 | Lair:2   | Identified the +10 lajatang of Poetam {vorpal, rElec rCorr
                  | Dex+6 Stlth-} (Okawaru gifted it to you on level 2 of the
                  | Lair of Beasts)
 14298 | Lair:2   | Received a gift from Okawaru
 14478 | Lair:2   | Reached skill level 1 in Evocations
 15061 | Lair:3   | Noticed rigao's ghost (journeyman OpVM)
 15061 | Lair:3   | Noticed a five-headed hydra
 15071 | Lair:3   | Found a runed translucent gate.
 15071 | Lair:3   | Found a runed translucent gate.
 15076 | Lair:3   | Found a runed translucent gate.
 15106 | Lair:3   | Received a gift from Okawaru
 15111 | Lair:3   | Reached skill level 11 in Fighting
 15145 | Lair:3   | Found a hole to the Spider Nest.
 15152 | Lair:3   | Noticed an eight-headed hydra
 15164 | Lair:3   | Killed a 14-headed hydra
 15165 | Lair:3   | Reached XP level 13. HP: 35/84 MP: 17/17
 15405 | Lair:3   | Reached skill level 1 in Crossbows
 15669 | Lair:3   | Noticed Gastronok
 15680 | Lair:3   | Killed Gastronok
 15905 | Lair:4   | Reached skill level 12 in Fighting
 16141 | Lair:4   | Reached ****** piety under Okawaru
 16205 | Lair:4   | Found a gate leading to a gauntlet.
 16214 | Gauntlet | Entered a Gauntlet
 16214 | Gauntlet | Found a transporter.
 16225 | Gauntlet | Found a transporter.
 16240 | Gauntlet | Found a transporter.
 16242 | Gauntlet | Found a large runed translucent door.
 16243 | Gauntlet | Found a large runed translucent door.
 16244 | Gauntlet | Found a large runed translucent door.
 16244 | Gauntlet | Found a large runed translucent door.
 16244 | Gauntlet | Found a runed translucent door.
 16245 | Gauntlet | Found a transporter.
 16246 | Gauntlet | Found a runed translucent door.
 16247 | Gauntlet | Found a large runed translucent door.
 16247 | Gauntlet | Found a large runed translucent door.
 16248 | Gauntlet | Found a large runed translucent door.
 16249 | Gauntlet | Found a large runed translucent door.
 16255 | Gauntlet | Found a large runed translucent door.
 16255 | Gauntlet | Found a large runed translucent door.
 16256 | Gauntlet | Found a large runed translucent door.
 16256 | Gauntlet | Found a large runed translucent door.
 16257 | Gauntlet | Found a large runed translucent door.
 16257 | Gauntlet | Found a large runed translucent door.
 16258 | Gauntlet | Found a runed translucent gate.
 16258 | Gauntlet | Found a runed translucent gate.
 16258 | Gauntlet | Found a runed translucent gate.
 16260 | Gauntlet | Found a transporter.
 16270 | Gauntlet | Found a large runed translucent door.
 16271 | Gauntlet | Found a large runed translucent door.
 16279 | Gauntlet | Found a transporter.
 16291 | Gauntlet | Found a transporter.
 16303 | Gauntlet | Found a transporter.
 16315 | Gauntlet | Found a transporter.
 16327 | Gauntlet | Found a transporter.
 16344 | Gauntlet | Found a transporter.
 16361 | Gauntlet | Found a transporter.
 16363 | Gauntlet | Found a transporter.
 16396 | Gauntlet | Found a transporter.
 16399 | Gauntlet | Found a transporter.
 16401 | Gauntlet | Found a transporter.
 16402 | Gauntlet | Found a transporter.
 16416 | Gauntlet | Found a transporter.
 16954 | Gauntlet | Noticed a minotaur
 16966 | Gauntlet | Killed a minotaur
 16967 | Gauntlet | Reached skill level 13 in Fighting
 17041 | Gauntlet | Got the Grimoire of Supportive Stones
 17329 | Lair:4   | Received a gift from Okawaru
 17562 | Lair:4   | Found a staircase to the Shoals.
 17907 | Lair:5   | Received a gift from Okawaru
 17908 | Lair:5   | Reached skill level 5 in Evocations
 17974 | Lair:5   | Gained mutation: Your large and strong wings let you fly.
                  | [Gargoyle growth]
 17974 | Lair:5   | Reached XP level 14. HP: 87/94 MP: 20/20
 18005 | Lair:5   | Reached skill level 5 in Crossbows
 18489 | Lair:5   | Found a viscous altar of Jiyva.
 18489 | Lair:5   | Found a staircase to the Slime Pits.
 18569 | Lair:5   | Reached skill level 14 in Fighting
 19068 | Lair:6   | Entered Level 6 of the Lair of Beasts
 19285 | Lair:6   | Found a large runed translucent door.
 19285 | Lair:6   | Found a large runed translucent door.
 19313 | Lair:6   | Received a gift from Okawaru
 20967 | Orc:1    | You are sucked into a shaft and drop 1 floor!
 20967 | Orc:2    | Entered Level 2 of the Orcish Mines
 20967 | Orc:2    | Noticed Nessos
 20968 | Arena    | Entered the Arena
 20975 | Arena    | Killed Nessos
 21030 | Orc:2    | Found a staircase to the Elven Halls.
 21230 | Orc:2    | Noticed Rupert
 21256 | Orc:1    | Killed Rupert
 21257 | Orc:1    | Reached skill level 10 in Invocations
 21707 | Orc:2    | Paralysed by an orc sorcerer for 6 turns
 21900 | Orc:1    | Reached XP level 15. HP: 41/101 MP: 22/22
 21926 | Orc:1    | Identified the +6 arbalest of Huichaw {venom, Fragile rF++
                  | Stlth+} (Okawaru gifted it to you on level 1 of the Orcish
                  | Mines)
 21926 | Orc:1    | Received a gift from Okawaru
 22444 | D:6      | Bought a potion of invisibility for 96 gold pieces
 22444 | D:6      | Bought a potion of heal wounds for 60 gold pieces
 22444 | D:6      | Bought a potion of haste for 120 gold pieces
 22444 | D:6      | Bought a potion of heal wounds for 60 gold pieces
 22754 | Orc:2    | Found Carrosod's Book Boutique.
 22852 | Orc:2    | Found Bisab's Magic Scroll Shop.
 22852 | Orc:2    | Found Taeffour's Distillery.
 22863 | Orc:2    | Found Eximogg's General Store.
 22863 | Orc:2    | Found Anaxe's Magic Scroll Shoppe.
 22873 | Orc:2    | Bought a scroll of acquirement for 572 gold pieces
 22873 | Orc:2    | Acquired 871 gold pieces
 22883 | Orc:2    | Bought a scroll of silence for 97 gold pieces
 22883 | Orc:2    | Bought a scroll of identify for 26 gold pieces
 22883 | Orc:2    | Bought a scroll of identify for 26 gold pieces
 22883 | Orc:2    | Bought a scroll of acquirement for 676 gold pieces
 22883 | Orc:2    | Bought a scroll of fog for 26 gold pieces
 22883 | Orc:2    | Acquired a scarf of resistance
 22893 | Orc:2    | Bought a potion of heal wounds for 55 gold pieces
 22893 | Orc:2    | Bought a potion of resistance for 110 gold pieces
 22893 | Orc:2    | Bought a potion of curing for 33 gold pieces
 22893 | Orc:2    | Bought a potion of degeneration for 11 gold pieces
 22893 | Orc:2    | Bought a potion of curing for 33 gold pieces
 22893 | Orc:2    | Bought a potion of heal wounds for 55 gold pieces
 22893 | Orc:2    | Bought a potion of heal wounds for 55 gold pieces
 22893 | Orc:2    | Bought a potion of curing for 33 gold pieces
 22897 | Orc:2    | Bought a potion of ambrosia for 88 gold pieces
 22949 | Orc:2    | Bought a scroll of enchant armour for 112 gold pieces
 23272 | D:12     | Noticed Azrael
 23278 | D:12     | Killed Azrael
 23616 | D:13     | Found a gate to the Vaults.
 23656 | D:13     | Identified the +0 hat of Vufiq {+Inv Int+4 Dex+5} (Okawaru
                  | gifted it to you on level 13 of the Dungeon)
 23656 | D:13     | Received a gift from Okawaru
 23882 | D:13     | Noticed Josephine
 23893 | D:13     | Killed Josephine
 23894 | D:13     | You are sucked into a shaft and drop 2 floors!
 23894 | D:15     | Entered Level 15 of the Dungeon
 24192 | D:14     | Reached skill level 15 in Fighting
 24811 | D:13     | Found a white marble altar of Elyvilon.
 25005 | D:13     | Identified the +6 scale mail of Wullushao {Str+7 Slay+3}
 25421 | D:14     | Reached skill level 10 in Crossbows
 25983 | D:5      | Killed ThreePoint314's ghost
 26245 | D:15     | Reached XP level 16. HP: 98/108 MP: 25/25
 26298 | D:15     | Received a gift from Okawaru
 27210 | D:15     | Received a gift from Okawaru
 27372 | D:15     | Found a staircase to the Depths.
 27660 | Depths:1 | Entered Level 1 of the Depths
 27696 | Depths:1 | Identified the +10 arbalest "Zonaz" {freeze, rElec Str+4}
                  | (Okawaru gifted it to you on level 1 of the Depths)
 27696 | Depths:1 | Received a gift from Okawaru
 27942 | Depths:1 | Noticed Louise
 27950 | Depths:1 | Found a one-way gate to the infinite horrors of the Abyss.
 27961 | Depths:1 | Killed Louise
 28505 | Depths:1 | Found a shimmering blue altar of Sif Muna.
 28709 | Depths:1 | Found a gateway to Hell.
 28742 | Depths:1 | Found a bloodstained altar of Trog.
 29149 | Depths:1 | Identified the +0 pair of gloves "Foevemua" {+Inv rElec rC-
                  | Regen+} (Okawaru gifted it to you on level 1 of the Depths)
 29149 | Depths:1 | Received a gift from Okawaru
 29796 | Lair:3   | Killed rigao's ghost
 29860 | Shoals:1 | Entered Level 1 of the Shoals
 29861 | Shoals:1 | Found Letics's Weapon Boutique.
 29982 | Shoals:1 | Reached skill level 16 in Fighting
 30989 | Shoals:1 | Identified the +10 great sword of Imocy {vamp, *Slow rF+
                  | rC+ SInv}
 31531 | Shoals:2 | Reached XP level 17. HP: 95/115 MP: 28/28
 31766 | Shoals:2 | Reached skill level 15 in Invocations
 32091 | Shoals:2 | Received a gift from Okawaru
 33720 | Shoals:3 | Found a glowing golden altar of the Shining One.
 34030 | Shoals:3 | Received a gift from Okawaru
 34471 | Shoals:3 | Found a broken altar of Ashenzari.
 34680 | Shoals:3 | Reached skill level 10 in Armour
 35019 | Shoals:4 | Entered Level 4 of the Shoals
 35382 | Shoals:3 | Received a gift from Okawaru
 35639 | Shoals:4 | Noticed Polyphemus
 35821 | Shoals:4 | Killed Polyphemus
 36116 | Arena    | Entered the Arena
 36850 | Shoals:4 | Reached XP level 18. HP: 79/122 MP: 30/30
 36858 | Shoals:4 | Reached skill level 17 in Fighting
 39007 | Shoals:4 | Got a barnacled rune of Zot
 39420 | Spider:1 | Entered Level 1 of the Spider Nest
 40165 | Spider:1 | Acquired 710 gold pieces
 40546 | Spider:1 | Identified the ring of Moodiness {rN+ Will- Dex+4 Stlth+}
 41238 | Spider:2 | Identified the +1 robe "Daar Roa" {rElec rN+ Dex+2}
                  | (Okawaru gifted it to you on level 2 of the Spider Nest)
 41238 | Spider:2 | Received a gift from Okawaru
 41635 | Spider:2 | Reached skill level 15 in Crossbows
 42946 | Spider:3 | Noticed Arachne
 42958 | Spider:3 | Killed Arachne
 43586 | Spider:4 | Entered Level 4 of the Spider Nest
 43991 | Spider:4 | Reached XP level 19. HP: 128/128 MP: 31/31
 44369 | Spider:4 | Identified the +0 kite shield "Raffim" {rN+} (Okawaru
                  | gifted it to you on level 4 of the Spider Nest)
 44369 | Spider:4 | Received a gift from Okawaru
 44671 | Spider:4 | Got a gossamer rune of Zot
 44820 | Spider:4 | Reached skill level 10 in Dodging
 45251 | Vaults:1 | Entered Level 1 of the Vaults
 46202 | Arena    | Entered the Arena
 46210 | Arena    | Reached skill level 18 in Fighting
 46262 | Vaults:1 | Received a gift from Okawaru
 47091 | Vaults:1 | Received a gift from Okawaru
 47763 | Vaults:2 | You are sucked into a shaft and drop 2 floors!
 47763 | Vaults:4 | Noticed Aizul
 47776 | Vaults:4 | Killed Aizul
 48016 | Vaults:4 | Reached XP level 20. HP: 136/136 MP: 32/32
 48786 | Vaults:4 | Identified the +3 great sword of Gallantry {flame, rF+
                  | rC+++ Str+3 Dex-2} (Okawaru gifted it to you on level 4 of
                  | the Vaults)
 48786 | Vaults:4 | Received a gift from Okawaru
 49524 | Vaults:3 | Noticed Asterion
 49544 | Arena    | Entered the Arena
 49549 | Arena    | Killed Asterion
 49549 | Arena    | Received a gift from Okawaru
 50528 | Vaults:3 | Reached skill level 10 in Evocations
 50563 | Vaults:3 | Received a gift from Okawaru
 50965 | Vaults:3 | Found Muchofuiv's General Store.
 51036 | Vaults:3 | Reached skill level 19 in Fighting
 51079 | Vaults:3 | Paralysed by a sphinx for 5 turns
 51309 | Vaults:3 | Reached XP level 21. HP: 144/144 MP: 33/33
 51461 | Vaults:3 | Found a staircase to the Crypt.
 51461 | Vaults:3 | Found a basalt altar of Yredelemnul.
 51463 | Vaults:3 | Found an ancient bone altar of Kikubaaqudgha.
 52685 | Vaults:4 | Noticed Boris
 52690 | Arena    | Entered the Arena
 52698 | Arena    | Killed Boris
 52699 | Arena    | Reached skill level 15 in Staves
 52952 | Vaults:5 | Entered Level 5 of the Vaults
 52957 | Vaults:4 | Identified the +3 helmet of the Hippo {rC+} (Okawaru gifted
                  | it to you on level 4 of the Vaults)
 52957 | Vaults:4 | Received a gift from Okawaru
 53198 | Vaults:5 | Noticed a golden dragon
 54382 | Arena    | Entered the Arena
 54419 | Arena    | Entered the Arena
 54443 | Vaults:4 | HP: 3/144 [titan/bolt of lightning (19)]
 54921 | Vaults:5 | Noticed a dread lich
 54925 | Arena    | Entered the Arena
 55245 | Vaults:4 | Killed a golden dragon
 55567 | Vaults:5 | Received a gift from Okawaru
 55586 | Arena    | Entered the Arena
 55597 | Arena    | Killed a dread lich
 55664 | Arena    | Entered the Arena
 55686 | Vaults:5 | Reached XP level 22. HP: 73/152 MP: 34/34
 55718 | Vaults:5 | Noticed a golden dragon
 55719 | Arena    | Entered the Arena
 55751 | Arena    | Entered the Arena
 55756 | Arena    | Killed a golden dragon
 55770 | Arena    | Entered the Arena
 55774 | Arena    | HP: 5/152 [constriction (3)]
 55810 | Vaults:5 | HP: 5/152 [tentacled monstrosity (10)]
 55811 | Arena    | Entered the Arena
 56071 | Vaults:5 | Identified the +0 plate armour "Sopni" {Str+4}
 56097 | Vaults:5 | Received a gift from Okawaru
 56285 | Vaults:5 | Reached skill level 20 in Fighting
 56790 | Vaults:5 | Got a silver rune of Zot
 57055 | Arena    | Entered the Arena
 57128 | Vaults:5 | HP: 11/228 [frost giant (13)]
 57129 | Vaults:5 | Slain by a frost giant

Illustrated notes

Levels and vault maps discovered:
D:1:      dpeg_arrival_oval, layout_loops_corners, basic_ecumenical_altar,
          supply_closet_lemuel
D:2:      layout_loops_ring, basic_altar
D:3:      layout_rooms, uniq_robin, uniq_sigmund, uniq_grinder
D:4:      layout_gridville
D:5:      layout_basic, minmay_temple_entry_mist, gammafunk_ghost_split,
          uniq_ijyb, uniq_pikel, uniq_menkaure
D:6:      layout_loops_corners, serial_shops, shop_statue
D:7:      layout_rooms, nicolae_shop_firing_range
D:8:      layout_gridville, chequers_temple_overflow_statue_of_worship,
          mainiacjoe_overflow_cross_hatched, erik_lair_island, kennysheep_nub,
          st_stairs_10, hangedman_abyss_or_decor_lesser_grid
D:9:      layout_basic
D:10:     layout_irregular_city, david_orc_1_choice, lightli_minifort
D:11:     layout_rooms
D:12:     layout_basic, enter_trove_2, uniq_azrael
D:13:     layout_roguey, erik_vaults_2, palyth_stone_intersect,
          elyvilon_altar_1, uniq_josephine
D:14:     layout_rooms, minmay_misc_feat_secret_circle, serial_bayou_pond_d
D:15:     hangedman_depths_entry_try_elsewhere_first, layout_cave_pods,
          chequers_serial_rivers_micro_b
Temple:   mainiacjoe_temple_coin_purse
Lair:1:   layout_cave_pods, maelrawn_ghost_gauntlet_escape,
          minmay_shattered_shrine
Lair:2:   layout_roguey, uniq_urug
Lair:3:   layout_chaotic_city, spider_nest_entry_rubble, gammafunk_ghost_split,
          chequers_serial_rivers_room_a, nicolae_lair_grove_arrangements,
          serial_bayou_shore_b, uniq_gastronok
Lair:4:   layout_cave_pods, minmay_shoals_entry_lonely_mermaid,
          gauntlet_entry_generic
Lair:5:   layout_cave_pods, slime_altar_1, serial_forest,
          infiniplex_forest_straight_2, infiniplex_forest_lined_1,
          infiniplex_forest_diagonal, infiniplex_forest_corner_2,
          infiniplex_forest_clump_C, infiniplex_forest_split,
          infiniplex_forest_clump_long
Lair:6:   cheibrodos_lair_end_hotspot, layout_cave_pods
Shoals:1: layout_shoals, serial_shops, nicolae_diamond_shop
Shoals:2: cheibrodos_shoals_oceanic_diplomacy, layout_shoals,
          nicolae_shoals_hunting_party
Shoals:3: layout_shoals, hangedman_feature_mirror, st_shoals_ruin
Shoals:4: shoals_end_grunt_garden, layout_shoals, uniq_polyphemus
Spider:1: layout_spider_delve, nicolae_spider_checkerboard
Spider:2: layout_chambers
Spider:3: layout_spider_delve, guppyfry_hornet_nest, uniq_arachne
Spider:4: grunt_spider_rune_circles, drop_trap
Orc:1:    layout_caves
Orc:2:    st_orc_elflike, layout_caves, serial_shops, shop, uniq_nessos,
          uniq_rupert
Vaults:1: nicolae_vaults_network_quincunx
          [nicolae_vaults_network_quincunx_subvault,
          nicolae_vaults_network_quincunx_subvault,
          nicolae_vaults_network_quincunx_subvault,
          nicolae_vaults_network_quincunx_subvault,
          nicolae_vaults_network_quincunx_subvault],
          nicolae_vaults_know_your_exits, v_misc_12, vaults_room_door_hall,
          grunt_vaults_focal, nicolae_vaults_network_periphery,
          nicolae_vaults_network_star, ontoclasm_vaults_decontamination,
          v_misc_23, hangedman_vaults_slice, layout_vaults_big_room
Vaults:2: vaults_mumra_bighexcomb, hangedman_vaults_cutoff,
          nicolae_vaults_yaktaur_gun_rack, vaults_room_large_hall,
          nicolae_vaults_little_squares_2, layout_vaults_omnigrid
Vaults:3: grunt_vaults_swirl, vaults_dpeg_ring, nicolae_vaults_big_ls,
          nicolae_vaults_mini_display_case, minmay_crypt_entry_necro_gods,
          vaults_room_fancy_cross, nicolae_vaults_what_the_h, v_alt_pattern_2,
          grunt_vaults_funnel, nicolae_vaults_little_squares_3,
          ontoclasm_vaults_twist, ontoclasm_vaults_tryst,
          layout_vaults_omnicross, serial_shops, shop, uniq_asterion
Vaults:4: nicolae_vaults_triangles, nicolae_vaults_network_barrier, st_cross,
          ontoclasm_vaults_bender, v_misc_13, vaults_room_boxed,
          hangedman_vaults_stitches, ontoclasm_vaults_idyll,
          hangedman_vaults_maws, hangedman_vaults_trim, layout_vaults_maze,
          uniq_boris, uniq_aizul
Vaults:5: serial_shops
Depths:1: layout_gridlike, lightli_too_deep,
          nicolae_abyss_entry_one_way_or_another, trog_three_pillars_becter,
          drop_trap, serial_bayou_pond_c, nicolae_water_bricks, tgw_sif,
          serial_bayou_shore_b

Skill      XL: |  1  2  3  4  5  6  7  8  9 10 11 12 13 14 15 16 17 18 19 20 21 22 |
---------------+-------------------------------------------------------------------+-----
Armour         | 1 2 3 4 5 7 8 9 10 11 12 14 | 14.4
Fighting       | 3 4 5 7 8 9 10 11 13 14 15 16 17 18 19 20 | 20.1
Staves         | 4 5 6 9 11 12 14 15 16 | 16.0
Dodging        | 3 4 5 6 7 9 11 | 11.0
Invocations    | 4 6 8 10 12 14 16 | 16.0
Evocations     | 2 5 6 7 10 12 13 | 13.5
Crossbows      | 4 7 10 12 14 15 16 18 | 18.0
Throwing       | |  1.7

Action                   |  1- 3 |  4- 6 |  7- 9 | 10-12 | 13-15 | 16-18 | 19-21 | 22-24 || total
-------------------------+-------+-------+-------+-------+-------+-------+-------+-------++-------
Melee: Quarterstaff      |   103 |    85 |   344 |   539 |       |       |       |       ||  1071
       Lajatang          |       |       |       |    67 |   834 |  1222 |  1394 |   163 ||  3680
 Fire: Arbalest          |       |       |       |       |       |   133 |    92 |    13 ||   238
Throw: Throwing net      |       |     4 |     1 |     1 |       |       |       |       ||     6
Invok: Finesse           |       |       |       |       |     3 |     1 |     3 |       ||     7
       Duel              |       |       |       |       |     1 |     1 |     8 |     5 ||    15
       Heroism           |       |       |       |       |     2 |     1 |     2 |       ||     5
Evoke: Wand              |       |     2 |    12 |    34 |    18 |     4 |     4 |       ||    74
       Condenser vane    |       |       |       |     1 |       |       |       |       ||     1
       Lightning rod     |       |       |       |     1 |     2 |       |       |       ||     3
  Use: Scroll            |       |       |       |    14 |    15 |    13 |     7 |     4 ||    53
       Potion            |       |       |       |     2 |     6 |     5 |    23 |     8 ||    44
 Stab: Held in net/web   |       |     1 |       |       |       |       |       |       ||     1
       Paralysed         |       |       |    12 |    12 |       |       |       |       ||    24
       Petrified         |       |       |       |       |       |     8 |       |       ||     8
       Distracted        |       |       |       |       |       |       |     1 |       ||     1
Armor: Leather armour    |    17 |       |       |       |       |       |       |       ||    17
       Scale mail        |    21 |    40 |   141 |       |       |       |       |       ||   202
       Plate armour      |       |       |    43 |    36 |       |       |       |       ||    79
       Gold dragon scale |       |       |       |   312 |   419 |  1000 |  1069 |   104 ||  2904
       Skin              |       |       |       |       |       |       |       |     3 ||     3
Dodge: Dodged            |    62 |    37 |   148 |   208 |   444 |   949 |   982 |    75 ||  2905

Table legend: (Time is in decaauts)
 A = Elapsed time spent in this place.
 B = Non-inter-level travel time spent in this place.
 C = Inter-level travel time spent in this place.
 D = Time resting spent in this place.
 E = Time spent auto-exploring this place.
 F = Levels seen in this place.
 G = Mean time per level.
                   A        B        C        D        E       F      G
               +--------+--------+--------+--------+--------+-----+--------+
         Total |  55905 |  52883 |   3022 |  14914 |  28646 |  54 | 1035.3 |
       Dungeon |  17646 |  16020 |   1626 |   2201 |  11365 |  15 | 1176.4 |
        Temple |     24 |     16 |      8 |      0 |      4 |   1 |   24.0 |
          Lair |   8391 |   7604 |    787 |   1629 |   4843 |   6 | 1398.5 |
        Shoals |   9236 |   9009 |    227 |   3810 |   3701 |   4 | 2309.0 |
   Spider Nest |   4876 |   4709 |    167 |   1104 |   2670 |   4 | 1219.0 |
  Orcish Mines |   1850 |   1743 |    107 |    362 |    935 |   2 |  925.0 |
        Vaults |  10777 |  10695 |     82 |   4660 |   4005 |   5 | 2155.4 |
        Depths |   1865 |   1848 |     17 |    710 |    943 |   1 | 1865.0 |
      Gauntlet |    846 |    846 |      0 |    238 |    179 |   1 |  846.0 |
         Arena |    391 |    391 |      0 |    199 |      0 |  15 |   26.1 |
               +--------+--------+--------+--------+--------+-----+--------+

Top non-repeatable levels by time:
Vaults:4: 4494 daAuts
Shoals:3: 3081 daAuts
Vaults:3: 2749 daAuts
Shoals:2: 2266 daAuts
Shoals:4: 2230 daAuts
Vaults:1: 2054 daAuts
Depths:1: 1865 daAuts
    D:15: 1727 daAuts
  Lair:3: 1704 daAuts
Shoals:1: 1657 daAuts
    D:10: 1649 daAuts
Spider:2: 1610 daAuts
    D:13: 1559 daAuts
     D:8: 1499 daAuts
Vaults:5: 1458 daAuts
